 Dungeon Crawl Stone Soup version 0.22-a0-305-gd21a89c (webtiles) character file.

145372 Sergey the Brawler (level 17, -9/93 HPs)
             Began as a Vine Stalker Ice Elementalist on Mar 28, 2018.
             Was a High Priest of Okawaru.
             Mangled by a salamander
             ... wielding a cursed -2 glaive
              (16 damage)
             ... on level 2 of the Snake Pit on Mar 29, 2018.
             The game lasted 02:22:07 (13604 turns).

Sergey the Brawler (Vine Stalker Ice Elementalist) Turns: 13604, Time: 02:22:07

Health: -9/93      AC: 12    Str: 15    XL:     17   Next: 12%
Magic:  0/37       EV: 19    Int: 21    God:    Okawaru [*****.]
Gold:   1270       SH: 13    Dex: 16    Spells: 26/40 levels left

rFire    + + +     SeeInvis .     - Unarmed
rCold    . . .     Gourm    .   C - +0 shield
rNeg     . . .     Faith    .   r - +1 robe "Ocoruf" {rF+ Str-2 Int+6 Slay+3}
rPois    +         Spirit   +   (no helmet)
rElec    .         Reflect  .   w - scarf {repulsion}
rCorr    .         Harm     .   X - +0 pair of gloves
MR       +++..                  Y - +2 pair of boots {run}
Stlth    ++++......             h - amulet of magic regeneration
HPRegen  1.05/turn              z - +4 ring of protection
MPRegen  0.50/turn              U - ring of Getz {*Slow rPois rF+ MR+}

@: heroism, finesse, very slightly contaminated, repel missiles, quick
A: fangs 3, fire resistance 1, high mp 1, regeneration 2, magic shield,
antimagic bite, no potion heal 3, rot immunity
}: 1/15 runes: barnacled
a: Heroism, Finesse, Renounce Religion


You were on level 2 of the Snake Pit.
You worshipped Okawaru.
Okawaru was extremely pleased with you.
You were hungry.

You visited 7 branches of the dungeon, and saw 31 of its levels.
You visited 1 bazaar.
You also visited: Labyrinth and Ice Cave.

You collected 2530 gold pieces.
You spent 1260 gold pieces at shops.

Inventory:

Hand Weapons
 s - a +4 blowgun
Missiles
 k - 28 javelins of penetration
 m - 36 javelins
 o - 34 silver javelins
 p - 6 curare-tipped needles
 D - 14 javelins of returning (quivered)
 F - 6 throwing nets {!f}
 N - 19 poisoned javelins
Armour
 r - the +1 robe "Ocoruf" (worn) {rF+ Str-2 Int+6 Slay+3}
   (You found it on level 10 of the Dungeon)

   It affects your strength (-2).
   It affects your intelligence (+6).
   It affects your accuracy and damage with ranged weapons and melee attacks
   (+3).
   It protects you from fire.
 w - a scarf of repulsion (worn)
 C - a +0 shield (worn)
 J - a +1 robe of cold resistance
 R - the +0 leather armour of Ramywn {*Slow rC+ rN+++ Int+5}
   (You found it on level 4 of the Shoals)

   It affects your intelligence (+5).
   It protects you from cold.
   It renders you almost immune to negative energy.
   It may slow you when you take damage.
 T - a +0 troll leather armour
 X - a +0 pair of gloves (worn)
 Y - a +2 pair of boots of running (worn)
Jewellery
 a - an uncursed ring of resist corrosion
 h - an amulet of magic regeneration (around neck)
 y - an uncursed ring of protection from cold
 z - a +4 ring of protection (left hand)
 U - the ring of Getz (right hand) {*Slow rPois rF+ MR+}
   (You bought it in a shop on level 10 of the Dungeon)

   [ring of protection from magic]

   It protects you from fire.
   It protects you from poison.
   It affects your resistance to hostile enchantments.
   It may slow you when you take damage.
Wands
 b - a wand of flame (1)
 H - a wand of polymorph (12)
 I - a wand of paralysis (21)
 M - a wand of random effects (30)
 O - a wand of enslavement (5)
Scrolls
 d - a scroll of torment {unknown}
 g - 3 scrolls of enchant armour
 l - 5 scrolls of remove curse {@r2}
 t - a scroll of holy word
 v - 7 scrolls of magic mapping
 B - 5 scrolls of teleportation {@r3}
 L - a scroll of blinking
Potions
 c - 7 potions of curing {@q2}
 e - a potion of resistance
 i - 3 potions of agility
 j - a potion of berserk rage
 n - 3 potions of flight
 x - a potion of cancellation
 A - a potion of ambrosia
 G - 2 potions of haste
 V - 3 potions of lignification
 W - a potion of magic
Miscellaneous
 K - a lamp of fire (inert)
 Q - 2 phantom mirrors
 S - a lightning rod (3/4)
 Z - a fan of gales
Comestibles
 f - 36 rations


   Skills:
 + Level 12.3(17.3) Fighting
 + Level 6.8(11.8) Throwing
 + Level 3.8(8.8) Armour
 + Level 4.2(9.2) Dodging
 - Level 2.4(7.4) Stealth
 + Level 10.0(15.0) Shields
 + Level 15.3(20.3) Unarmed Combat
 + Level 12.3 Spellcasting
   Level 1.0 Conjurations
 - Level 3.0 Charms
 + Level 5.2 Summonings
 - Level 3.0 Ice Magic
 - Level 8.0 Invocations
 - Level 6.0 Evocations


You had 26 spell levels left.
You knew the following spells:

 Your Spells              Type           Power        Failure   Level  Hunger
b - Summon Ice Beast      Ice/Summ       ####....     10%         4    None
h - Passwall              Tmut/Erth      ##........   8%          2    None
v - Summon Mana Viper     Hex/Summ       ###.....     43%         5    ####...
x - Ozocubu's Armour      Chrm/Ice       ####....     4%          3    None


Dungeon Overview and Level Annotations

Branches:
Dungeon (15/15)            Temple (1/1) D:5            Lair (6/6) D:11
 Shoals (4/4) Lair:2        Snake (2/4) Lair:2        Slime (1/5) Lair:5
    Orc (2/2) D:12            Elf (0/3) Orc:2        Vaults (0/5) D:13
 Depths (0/5) D:15

Altars:
Ashenzari
Cheibriados
Dithmenos
Elyvilon
Gozag
Hepliaklqana
Kikubaaqudgha
Nemelex Xobeh
Okawaru
Qazlal
Ru
Sif Muna
Trog
Uskayaw
Vehumet
Wu Jian
Xom
Yredelemnul
Zin
The Shining One
Beogh
Jiyva

Shops:
D:8 (   D:10 =   Orc:1 ?   Orc:2 ((?[   Shoals:2 (

Annotations:
D:1 exclusion: downstairs
D:5 Grinder
D:8 Joseph
Snake:1 exclusion: downstairs
Snake:2 very bad stairs !!!
Orc:2 ! ettin !


Innate Abilities, Weirdness & Mutations

You have razor-sharp teeth.
You heal very quickly.
When hurt, damage is shared between your health and your magic reserves.
Your bite disrupts and absorbs the magic of your enemies.
Potions cannot restore your health.
You are immune to rotting.
Your flesh is heat resistant. (rF+)
You have an increased reservoir of magic. (+10% MP)


Message History

The mana viper closely misses you.
You continue meditating on the rock.
You block the anaconda's attack. The anaconda bites you!
* * * LOW HITPOINT WARNING * * *
You block the anaconda's attack. The anaconda bites you!
* * * LOW HITPOINT WARNING * * *
You block the mana viper's attack. The anaconda barely misses you. x2
You finish merging with the rock.
Unknown command.
You completely miss the salamander. You bite the salamander!
You drain its power.
You feel invigorated.
The salamander is lightly wounded.
You punch the salamander!
The salamander is moderately wounded.
You block the salamander's attack.
You can now deal lightning-fast blows.
You feel sick.
You are no longer poisoned.
The salamander hits you with a glaive!!
You die...

,,,,*******,,,,,,#.........*
*,,,,,,,,,,,,,,,,..........*
,,,,,,,,,,,,**,*##.........*
*,,,,,****,,..,,,.....N....*
,,*,*,,,****....##.........*
,**,,,*,,,,,.......SSS...(.*
,****,,,,,****,***#.SS#*****
,**,,,,**,####.######.#
,,,,*,***,.....§N@# **#
,,**,,,***#..)§..§#
,,,,,,,***#.N..§§§#
*,**,,,*,,....#####
*,**,,,,,*##.,,,* ***********
*,,,,******#,**,* *,,,,,,,,,*
**,,,* *,,**,* *,,,,,,,,,*
*,*,* *,***,*****,,,,,,,,,*
**,*,******,***,**,,,,,,*,*****


You could see 2 salamanders.

Vanquished Creatures
  Jorgrun (Shoals:2)
  Ilsuiw (Shoals:4)
  A frost giant (IceCv)
  2 entropy weavers (Lair:4)
  A minotaur (Lab)
  4 merfolk javelineers (Shoals:4)
  9 merfolk impalers
  Erolcha (D:12)
  Harold (D:10)
  A hydra (Lair:4)
  Fannar (D:10)
  4 vault guards (D:13)
  3 anacondas (Snake:1)
  A centaur warrior (D:14)
  5 merfolk aquamancers
  A merfolk avatar (Shoals:2)
  7 two-headed ogres
  2 satyrs (Shoals:3)
  An alligator snapping turtle (Shoals:4)
  A queen ant (Lair:4)
  9 death yaks
  Urug (D:10)
  A salamander mystic (Snake:1)
  5 sea snakes
  An unseen horror (D:12)
  10 orc knights
  3 harpies
  A wolf spider zombie (D:12)
  4 ugly things
  An orc sorcerer (Orc:2)
  A deep elf mage (D:12)
  15 manticores
  2 mana vipers (Snake:1)
  13 fauns
  3 cyclopes
  3 elephants (Lair:5)
  An ice statue (IceCv)
  2 naga magi (Snake:1)
  13 black mambas
  7 merfolk sirens
  6 water nymphs
  9 spiny frogs
  4 torpor snails
  8 gargoyles
  2 rime drakes
  4 komodo dragons
  18 polar bears
  5 trolls
  A wind drake (Shoals:4)
  24 merfolk
  8 hornets
  3 slime creatures
  12 hippogriffs
  6 snapping turtles
  6 dream sheep
  8 water elementals
  15 spriggans (Lair:6)
  A shadow (D:11)
  A wraith (D:10)
  A redback (Lab)
  A wyvern (D:12)
  47 yaks
  A vampire (D:13)
  2 steam dragons
  5 basilisks
  2 vampire mosquitoes (D:13)
  2 hungry ghosts
  Menkaure (D:5)
  19 soldier ants
  6 nagas (Snake:1)
  12 water moccasins
  6 wargs
  6 porcupines
  2 hell hounds (D:10)
  32 orc warriors
  2 sky beasts
  2 ice beasts
  3 black bears
  A hornet zombie (D:10)
  3 boggarts (Lair:6)
  8 ogres
  39 wolves
  3 centaurs
  9 crocodiles
  2 big kobolds
  17 bullfrogs
  2 wyvern zombies
  A water moccasin skeleton (D:5)
  5 killer bees (D:11)
  12 wights
  3 electric eels (Lair:2)
  5 crimson imps
  A bullfrog zombie (D:11)
  4 jellies
  2 hounds
  A bullfrog skeleton (D:5)
  4 orc priests
  3 centaur skeletons
  2 iguanas
  8 orc wizards
  25 worker ants
  A hound skeleton (D:8)
  A worker ant zombie (D:7)
  15 gnolls
  14 adders
  6 shadow imps
  12 white imps (D:15)
  3 adder zombies
  An adder skeleton (D:4)
  3 dart slugs
  3 leopard geckos
  71 orcs
  2 ball pythons
  9 giant cockroaches
  A hobgoblin (D:3)
  6 jackals
  10 kobolds
  4 quokkas
  2 bats
  6 frilled lizards
  4 goblins
  A quokka zombie (D:8)
  A rat (D:3)
  A fungus (Lair:4)
774 creatures vanquished.

Vanquished Creatures (collateral kills)
  A merfolk javelineer (Shoals:4)
1 creature vanquished.

Vanquished Creatures (others)
  A merfolk (Shoals:4)
  A snapping turtle (Shoals:4)
  10 fungi
  5 plants
17 creatures vanquished.

Grand Total: 792 creatures vanquished

Notes
Turn   | Place    | Note
-------+----------+-------------------------------------------
     0 | D:1      | Sergey the Vine Stalker Ice Elementalist began the quest for the Orb.
     0 | D:1      | Reached XP level 1. HP: 9/9 MP: 4/4
     1 | D:1      | Noticed an octopode
     1 | D:1      | Noticed a gargoyle
     2 | D:1      | Noticed a naga
     5 | D:1      | Noticed an elf
     5 | D:1      | Noticed a gargoyle
     7 | D:1      | Noticed a centaur
    11 | D:1      | Noticed a naga
    13 | D:1      | Noticed a vine stalker
    13 | D:1      | Noticed an octopode
    15 | D:1      | Noticed a human
    15 | D:1      | Noticed a formicid
    17 | D:1      | Noticed a centaur
    17 | D:1      | Noticed a naga
    17 | D:1      | Noticed a gargoyle
    19 | D:1      | Noticed a felid
    21 | D:1      | Noticed a felid
   104 | D:2      | Found a sparkling altar of Nemelex Xobeh.
   193 | D:1      | Reached skill level 1 in Unarmed Combat
   193 | D:1      | Reached XP level 2. HP: 5/14 MP: 4/6
   359 | D:2      | Found a sparkling altar of Nemelex Xobeh.
   393 | D:2      | Reached XP level 3. HP: 12/17 MP: 0/7
   481 | D:2      | Reached skill level 1 in Fighting
   542 | D:2      | Found a bloodstained altar of Trog.
   543 | D:2      | Found a shimmering altar of Xom.
   560 | D:2      | Reached skill level 2 in Unarmed Combat
   836 | D:3      | Gained mutation: Your natural rate of healing is unusually fast. [Vine Stalker growth]
   836 | D:3      | Reached XP level 4. HP: 19/22 MP: 6/9
   859 | D:3      | Reached skill level 1 in Shields
  1155 | D:5      | Entered Level 5 of the Dungeon
  1155 | D:5      | Noticed Menkaure
  1168 | D:5      | Reached XP level 5. HP: 7/25 MP: 3/10
  1187 | D:5      | Noticed Grinder
  1199 | D:5      | Learned a level 3 spell: Ozocubu's Armour
  1287 | D:5      | Reached skill level 3 in Unarmed Combat
  1331 | D:5      | Reached XP level 6. HP: 23/30 MP: 11/11
  1352 | D:5      | Reached skill level 1 in Charms
  1507 | D:7      | Found a hide-covered altar of Uskayaw.
  1626 | D:6      | Reached XP level 7. HP: 23/35 MP: 1/13
  1695 | D:7      | Reached skill level 4 in Unarmed Combat
  1736 | D:8      | Found Jaunoud's Weapon Emporium.
  1817 | D:8      | Noticed Joseph
  2020 | D:7      | Found a radiant altar of Vehumet.
  2031 | D:7      | Found a shattered altar of Ashenzari.
  2094 | D:7      | Gained mutation: You have razor-sharp teeth. [Vine Stalker growth]
  2094 | D:7      | Reached XP level 8. HP: 35/39 MP: 8/15
  2339 | D:5      | Reached skill level 5 in Unarmed Combat
  2502 | D:5      | Killed Menkaure
  2502 | D:5      | Reached skill level 1 in Evocations
  2553 | D:5      | Found a staircase to the Ecumenical Temple.
  2562 | Temple   | Entered the Ecumenical Temple
  2707 | Temple   | Became a worshipper of Warmaster Okawaru
  2961 | D:9      | Noticed a hippogriff
  2974 | D:9      | Killed a hippogriff
  2998 | D:8      | Found a snail-covered altar of Cheibriados.
  3016 | D:8      | Reached skill level 6 in Unarmed Combat
  3047 | D:8      | Noticed a hippogriff
  3058 | D:8      | Killed a hippogriff
  3058 | D:8      | Reached * piety under Okawaru
  3058 | D:8      | Reached XP level 9. HP: 40/45 MP: 17/17
  3085 | D:9      | Reached skill level 5 in Spellcasting
  3127 | D:9      | Reached skill level 1 in Invocations
  3154 | D:10     | Entered Level 10 of the Dungeon
  3159 | D:10     | Noticed Urug
  3250 | D:9      | Reached skill level 7 in Unarmed Combat
  3263 | D:9      | Reached ** piety under Okawaru
  3287 | D:9      | Noticed a two-headed ogre
  3294 | D:9      | Killed a two-headed ogre
  3294 | D:9      | Reached skill level 8 in Unarmed Combat
  3294 | D:9      | Reached XP level 10. HP: 7/51 MP: 5/20
  3339 | D:10     | Found a shattered altar of Ashenzari.
  3367 | D:10     | Noticed a gargoyle
  3402 | D:10     | Reached skill level 5 in Fighting
  3410 | D:10     | Killed Urug
  3410 | D:10     | Reached *** piety under Okawaru
  3410 | D:10     | Reached skill level 5 in Invocations
  3440 | D:10     | Got a fabulously ornate robe
  3442 | D:10     | Noticed a gargoyle
  3462 | D:10     | Killed a gargoyle
  3522 | D:11     | Reached skill level 9 in Unarmed Combat
  3542 | D:10     | Reached **** piety under Okawaru
  3559 | D:10     | Killed a gargoyle
  3563 | D:10     | Noticed a gargoyle
  3588 | D:10     | Killed a gargoyle
  3669 | D:10     | Reached XP level 11. HP: 39/56 MP: 11/22
  3670 | D:10     | Noticed Harold
  3682 | D:10     | Killed Harold
  3682 | D:10     | Reached skill level 10 in Unarmed Combat
  3747 | D:10     | Found Suqoid's Jewellery Shoppe.
  3774 | D:10     | Noticed Fannar
  3790 | D:10     | Killed Fannar
  3790 | D:10     | Reached ***** piety under Okawaru
  3961 | D:11     | Identified the +1 robe "Ocoruf" {rF+ Str-2 Int+6 Slay+3} (You found it on level 10 of the Dungeon)
  4082 | D:12     | Noticed a manticore
  4094 | D:12     | Killed a manticore
  4144 | D:12     | Noticed a two-headed ogre
  4144 | D:12     | Noticed a red ugly thing
  4152 | D:12     | Killed a red ugly thing
  4152 | D:12     | Received a gift from Okawaru
  4152 | D:12     | Reached skill level 11 in Unarmed Combat
  4154 | D:12     | Killed a two-headed ogre
  4198 | D:11     | Found a staircase to the Lair.
  4214 | D:11     | Noticed a white ugly thing
  4225 | D:11     | Noticed a cyclops
  4396 | D:12     | Noticed a deep elf mage
  4404 | D:12     | Killed a deep elf mage
  4486 | D:12     | Killed an unseen horror
  4487 | D:12     | Found a flickering gateway to a bazaar.
  4492 | Bazaar   | Entered a bazaar
  4495 | Bazaar   | Found Juigyur's Gadget Shop.
  4508 | Bazaar   | Found Retas's Distillery.
  4536 | Bazaar   | Found Vuaqaidgh's Weapon Shop.
  4559 | Bazaar   | Found Nyiwkar's Book Boutique.
  4578 | Bazaar   | Bought a wand of iceblast (12) for 144 gold pieces
  4633 | D:12     | Found a staircase to the Orcish Mines.
  4643 | Orc:1    | Entered Level 1 of the Orcish Mines
  4643 | Orc:1    | Found Wucriph's Magic Scroll Boutique.
  4655 | Orc:1    | Bought a scroll of fear for 49 gold pieces
  4660 | Orc:1    | Noticed an orc knight
  4686 | Orc:1    | Killed an orc knight
  4686 | Orc:1    | Gained mutation: You heal very quickly. [Vine Stalker growth]
  4686 | Orc:1    | Reached XP level 12. HP: 39/63 MP: 19/25
  4701 | Orc:2    | Entered Level 2 of the Orcish Mines
  4701 | Orc:2    | Found a staircase to the Elven Halls.
  4732 | Orc:2    | Noticed an ettin
  4861 | D:10     | Bought the ring of Getz {*Slow rPois rF+ MR+} for 488 gold pieces
  4868 | D:10     | Learned a level 4 spell: Summon Ice Beast
  5045 | Lair:1   | Entered Level 1 of the Lair of Beasts
  5078 | Lair:1   | Reached skill level 12 in Unarmed Combat
  5093 | Lair:1   | Reached skill level 1 in Summonings
  5463 | Lair:3   | Found a labyrinth entrance.
  5487 | Lab      | Entered a labyrinth
  5745 | Lab      | Noticed a minotaur
  5762 | Lab      | Killed a minotaur
  5839 | Lair:2   | Learned a level 2 spell: Passwall
  6037 | Lair:3   | Gained mutation: You have an increased reservoir of magic. (+10% MP) [potion of mutation]
  6037 | Lair:3   | Gained mutation: Your flesh is heat resistant. (rF+) [potion of mutation]
  6094 | Lair:5   | Received a gift from Okawaru
  6140 | Lair:5   | Found a staircase to the Slime Pits.
  6148 | Lair:5   | Found a viscous altar of Jiyva.
  6177 | Lair:5   | Reached XP level 13. HP: 65/69 MP: 30/30
  6182 | Slime:1  | Entered Level 1 of the Pits of Slime
  6200 | Lair:5   | Reached skill level 5 in Evocations
  6210 | Lair:6   | Entered Level 6 of the Lair of Beasts
  6314 | Lair:5   | Reached skill level 13 in Unarmed Combat
  6518 | Lair:6   | Reached skill level 10 in Spellcasting
  6553 | Lair:6   | Reached ****** piety under Okawaru
  6672 | Lair:6   | Identified a scroll of acquirement
  6720 | Lair:6   | Received a gift from Okawaru
  6745 | Lair:6   | Identified a +2 pair of boots of running (Okawaru gifted it to you on level 6 of the Lair of Beasts)
  7032 | Lair:4   | Reached skill level 5 in Summonings
  7051 | Lair:4   | Reached XP level 14. HP: 61/75 MP: 32/32
  7358 | Lair:4   | Reached skill level 14 in Unarmed Combat
  7407 | Lair:4   | Noticed an entropy weaver
  7416 | Lair:4   | Killed an entropy weaver
  7428 | Lair:4   | Noticed an entropy weaver
  7434 | Lair:4   | Killed an entropy weaver
  7531 | Lair:4   | Reached skill level 5 in Shields
  7648 | Lair:4   | Got a bloodstained chain mail
  7798 | Lair:2   | Identified the +1 chain mail of Indecent Exposure {Str+4 Dex+2} (You found it on level 4 of the Lair of Beasts)
  8079 | Lair:2   | Found a snail-covered altar of Cheibriados.
  8153 | Lair:2   | Found a staircase to the Snake Pit.
  8187 | Lair:2   | Found a staircase to the Shoals.
  8226 | Snake:1  | Entered Level 1 of the Snake Pit
  8245 | Snake:2  | Noticed a nagaraja
  8245 | Snake:2  | Noticed a nagaraja
  8352 | Orc:1    | Bought a scroll of blinking for 105 gold pieces
  8352 | Orc:1    | Bought a scroll of teleportation for 42 gold pieces
  8367 | Orc:2    | Found a roughly hewn altar of Beogh.
  8436 | Orc:2    | Found a roughly hewn altar of Beogh.
  8578 | Orc:2    | Found Nenirch's Magic Scroll Boutique.
  8578 | Orc:2    | Found Joaruyruity's Armour Emporium.
  8592 | Orc:2    | Bought a scroll of magic mapping for 42 gold pieces
  8651 | Orc:2    | Received a gift from Okawaru
  8667 | Orc:2    | Got an encrusted chain mail {god gift}
  8682 | Orc:2    | Reached skill level 10 in Fighting
  8697 | Orc:2    | Found a roughly hewn altar of Beogh.
  8766 | Orc:2    | Found Othal's Weapon Boutique.
  8766 | Orc:2    | Found Satzemm's Antique Weapon Emporium.
  9056 | Orc:1    | Found a bloodstained altar of Trog.
  9284 | D:12     | Noticed Erolcha
  9299 | D:12     | Killed Erolcha
  9396 | D:10     | Identified the +4 chain mail "Ycon" {rC+ Str+4} (Okawaru gifted it to you on level 2 of the Orcish Mines)
  9482 | D:13     | Reached XP level 15. HP: 18/80 MP: 11/34
  9492 | D:13     | Reached skill level 15 in Unarmed Combat
  9580 | D:13     | Found a gate to the Vaults.
  9606 | D:13     | Reached skill level 1 in Throwing
  9698 | D:13     | Noticed Sonja
  9701 | D:13     | Noticed Sonja
  9701 | D:13     | Sonja changed into Sonja the harpy
  9705 | D:13     | Killed Sonja the harpy
  9805 | D:15     | Entered Level 15 of the Dungeon
  9975 | D:15     | Found a frozen archway.
 10029 | IceCv    | Entered an ice cave
 10196 | IceCv    | Received a gift from Okawaru
 10456 | IceCv    | Noticed a frost giant
 10475 | IceCv    | Killed a frost giant
 10601 | D:14     | Learned a level 5 spell: Summon Mana Viper
 10715 | D:10     | Bought an uncursed amulet of magic regeneration for 390 gold pieces
 10823 | Shoals:1 | Entered Level 1 of the Shoals
 10925 | Shoals:2 | Found Deiphiut's Weapon Shoppe.
 10936 | Shoals:2 | Received a gift from Okawaru
 10959 | Shoals:2 | Got an iridescent hand crossbow {god gift}
 10960 | Shoals:2 | Identified the +1 hand crossbow "Cikhleku" {elec, rF+} (Okawaru gifted it to you on level 2 of the Shoals)
 11225 | Shoals:2 | Noticed Jorgrun
 11245 | Shoals:2 | Killed Jorgrun
 11245 | Shoals:2 | Reached XP level 16. HP: 74/87 MP: 36/36
 11289 | Shoals:2 | Reached skill level 10 in Shields
 11302 | Shoals:2 | Received a gift from Okawaru
 11312 | Shoals:2 | Got a fabulously ornate robe {god gift}
 11323 | Shoals:2 | Identified the +2 robe of Ruykhlug {Stlth+} (Okawaru gifted it to you on level 2 of the Shoals)
 11344 | Shoals:2 | Reached skill level 5 in Throwing
 11838 | Shoals:3 | Reached skill level 1 in Armour
 11869 | Shoals:4 | Entered Level 4 of the Shoals
 12338 | Shoals:4 | Got a heavily runed leather armour
 12349 | Shoals:4 | Identified the cursed +0 leather armour of Ramywn {*Slow rC+ rN+++ Int+5} (You found it on level 4 of the Shoals)
 12532 | Shoals:4 | Identified the Grimoire of Orientation and Feathers
 12553 | Shoals:4 | Noticed Ilsuiw
 12592 | Shoals:4 | Killed Ilsuiw
 12592 | Shoals:4 | Received a gift from Okawaru
 12920 | Shoals:4 | Received a gift from Okawaru
 12958 | Shoals:4 | Noticed a kraken
 12962 | Shoals:4 | Got a barnacled rune of Zot
 13172 | Snake:1  | Reached XP level 17. HP: 57/93 MP: 25/37
 13428 | Snake:1  | Received a gift from Okawaru
 13429 | Snake:1  | Found the +27 Lear's hauberk
 13604 | Snake:2  | Mangled by a salamander

Vault maps used:
D:1:      shiori_arrival_whats_in_store_for_you, serial_forest,
          infiniplex_forest_lined_corner, infiniplex_forest_clump_small,
          infiniplex_forest_lined_2, infiniplex_forest_end_3,
          infiniplex_forest_lined_room_3, infiniplex_forest_straight_2,
          infiniplex_forest_end_3, infiniplex_forest_clump_small,
          infiniplex_forest_lined_corner
D:2:      old_standard_altar, overflow_temple_1_default, lemuel_crystal_altar,
          first_ration, nemelex_xobeh_ov_fountains_minmay
D:4:      lemuel_crystal_altar, corexii_hall_statues_i
D:5:      temple_hall, uniq_menkaure, uniq_grinder
D:6:      st_stairs_10
D:7:      ashenzari_conservatory_becter, nicolae_overflow_crystal_walls,
          eat_drink_and_be_merry_uskayaw, serial_shops,
          nicolae_shop_behind_doors
D:8:      cheibriados_altar_1, serial_shops, shop, uniq_joseph
D:9:      lemuel_doored_altar, hangedman_ranch
D:10:     serial_shops, shop, grunt_ministairs_15, lemuel_tele_altar,
          uniq_fannar, uniq_harold, uniq_urug
D:11:     minmay_lair_entry_lava
D:12:     orc_0_dummy, serial_shops, bzr_entry_road, uniq_erolcha
D:13:     lightli_vaults_fourway_checkpoint, uniq_sonja
D:14:     hangedman_decor_clover_reticule
D:15:     grunt_enter_depths_magical_seal, basic_altar,
          portal_ice_cave_entry_imps, grunt_decor_fettered
Temple:   oiseaux_autumnal_temple
Lair:2:   elwin_shoals_entry_rooms, minmay_snake_entry_six_corridors,
          minmay_holes, kennysheep_snail_temple, infiniplex_staircase_pool
Lair:3:   lab_entry_generic, lemuel_fruit_tree
Lair:4:   zaba_antful_of_joy, serial_bayou_shore_b
Lair:5:   slime_altar_1, hangedman_lair_generics_rect, grunt_megastairs_5
Lair:6:   minmay_lair_end_enchanted_forest
Shoals:1: nicolae_shoals_mertower
Shoals:2: serial_shops, shop, uniq_jorgrun
Shoals:4: shoals_end_simple, shoals_ilsuiw_ice
Snake:2:  basic_altar, evilmike_ambush
Orc:1:    basic_altar, serial_shops, shop
Orc:2:    st_orc_town, basic_altar, mines2_david
Lab:      labyrinth_watery, nicolae_lab_garden, nicolae_lab_dead_end,
          nicolae_lab_lava, lab_hedge, nicolae_lab_big_swirl
Bazaar:   bazaar_jpeg_honeycomb
IceCv:    ice_cave_caverns_01

Skill      XL: |  1  2  3  4  5  6  7  8  9 10 11 12 13 14 15 16 |
---------------+-------------------------------------------------+-----
Unarmed Combat | 1 2 3 4 6 8 9 11 12 13 14 15 | 15.3
Fighting       | 1 2 3 4 6 7 8 9 10 11 12 | 12.3
Shields        | 1 2 3 4 7 9 10 | 10.0
Spellcasting   | 3 4 6 7 8 9 10 11 12 | 12.3
Charms         | 1 2 3 |  3.0
Evocations     | 2 3 4 6 |  6.0
Invocations    | 4 5 6 7 8 |  8.0
Summonings     | 3 5 |  5.2
Throwing       | 4 6 |  6.8
Dodging        | 4 |  4.2
Armour         | 3 |  3.8
Stealth        | |  2.4
Conjurations   | |  1.0
Ice Magic      | |  3.0

Action                   |  1- 3 |  4- 6 |  7- 9 | 10-12 | 13-15 | 16-18 || total
-------------------------+-------+-------+-------+-------+-------+-------++-------
Melee: Unarmed           |    17 |   102 |   203 |   491 |  1289 |   473 ||  2575
       Bite              |     8 |    36 |    75 |   161 |   347 |   156 ||   783
 Fire: Blowgun           |       |       |       |       |       |    20 ||    20
Throw: Javelin           |       |       |       |     9 |    40 |    43 ||    92
       Throwing net      |       |       |       |     3 |       |       ||     3
 Cast: Freeze            |    36 |    61 |    64 |       |       |       ||   161
       Ozocubu's Armour  |       |     1 |     9 |    54 |    74 |    45 ||   183
       Summon Ice Beast  |       |       |       |     2 |       |       ||     2
       Passwall          |       |       |       |       |     4 |     2 ||     6
Invok: Heroism           |       |       |     1 |    27 |    48 |    19 ||    95
       Finesse           |       |       |       |     3 |     5 |     6 ||    14
Evoke: Wand              |       |     3 |    20 |    16 |    50 |    56 ||   145
       Lightning rod     |       |       |       |     5 |    12 |     7 ||    24
       Fan of gales      |       |       |       |       |     1 |       ||     1
       Phantom mirror    |       |       |       |       |     1 |       ||     1
       Lamp of fire      |       |       |       |       |       |     2 ||     2
  Use: Potion            |     1 |     1 |     1 |     1 |     6 |     3 ||    13
       Scroll            |       |    11 |       |    10 |    15 |    18 ||    54
 Stab: Sleeping          |     2 |     3 |     2 |     3 |     2 |     1 ||    13
       Distracted        |       |       |       |       |     4 |     1 ||     5
       Invisible         |       |       |       |       |     1 |       ||     1
       Paralysed         |       |       |       |       |       |     8 ||     8
  Eat: Chunk             |       |     3 |     6 |     6 |    10 |     5 ||    30
       Ration            |       |       |       |     2 |     2 |     1 ||     5
Armor: Robe              |     8 |     8 |    74 |    73 |   288 |    90 ||   541
       Skin              |       |     7 |       |       |     2 |       ||     9
       Steam dragon scal |       |       |       |    27 |       |       ||    27
Dodge: Dodged            |    29 |    58 |   125 |   252 |   509 |   221 ||  1194
       Deflected         |       |       |     2 |     5 |    16 |    27 ||    50
Block: Buckler           |     2 |    27 |    88 |   119 |    60 |       ||   296
       Shield            |       |       |       |       |   522 |   288 ||   810

Table legend:
 A = Spawn XP
 B = Non-spawn XP
 C = Spawn XP percentage of total XP
 D = Spawn monster count
 E = Non-spawn monster count
 F = Spawn count percentage of total count
 G = Total turns spent on level
                    A         B        C        D         E        F      G
               +---------+---------+-------+---------+---------+-------+---------
         Total |       0 |  189103 |   0.0 |       0 |     776 |   0.0 | 13604
               +---------+---------+-------+---------+---------+-------+---------
           D:1 |       0 |      18 |   0.0 |       0 |       9 |   0.0 |   383
           D:2 |       0 |      57 |   0.0 |       0 |      13 |   0.0 |   364
           D:3 |       0 |      29 |   0.0 |       0 |      14 |   0.0 |   243
           D:4 |       0 |      45 |   0.0 |       0 |       4 |   0.0 |   169
           D:5 |       0 |     615 |   0.0 |       0 |      32 |   0.0 |   479
           D:6 |       0 |     322 |   0.0 |       0 |      22 |   0.0 |   601
           D:7 |       0 |     268 |   0.0 |       0 |      11 |   0.0 |   310
           D:8 |       0 |     722 |   0.0 |       0 |      12 |   0.0 |   268
           D:9 |       0 |    2699 |   0.0 |       0 |      18 |   0.0 |   324
          D:10 |       0 |    7055 |   0.0 |       0 |      29 |   0.0 |   742
          D:11 |       0 |    3878 |   0.0 |       0 |      21 |   0.0 |   510
          D:12 |       0 |    6255 |   0.0 |       0 |      19 |   0.0 |   643
          D:13 |       0 |   12721 |   0.0 |       0 |      38 |   0.0 |   353
          D:14 |       0 |    1971 |   0.0 |       0 |       6 |   0.0 |    95
          D:15 |       0 |    1076 |   0.0 |       0 |      19 |   0.0 |   228
        Lair:1 |       0 |    3630 |   0.0 |       0 |      17 |   0.0 |   348
        Lair:2 |       0 |    5050 |   0.0 |       0 |      29 |   0.0 |   694
        Lair:3 |       0 |    2458 |   0.0 |       0 |       9 |   0.0 |   265
        Lair:4 |       0 |   16620 |   0.0 |       0 |      63 |   0.0 |   760
        Lair:5 |       0 |    5969 |   0.0 |       0 |      15 |   0.0 |   291
        Lair:6 |       0 |   13269 |   0.0 |       0 |      63 |   0.0 |   628
      Shoals:1 |       0 |    3504 |   0.0 |       0 |       6 |   0.0 |   147
      Shoals:2 |       0 |   16538 |   0.0 |       0 |      29 |   0.0 |   420
      Shoals:3 |       0 |   13751 |   0.0 |       0 |      30 |   0.0 |   665
      Shoals:4 |       0 |   30972 |   0.0 |       0 |      54 |   0.0 |  1032
       Snake:1 |       0 |    9658 |   0.0 |       0 |      21 |   0.0 |   500
         Orc:1 |       0 |    2417 |   0.0 |       0 |      34 |   0.0 |   411
         Orc:2 |       0 |   10867 |   0.0 |       0 |      77 |   0.0 |   613
           Lab |       0 |    3371 |   0.0 |       0 |       8 |   0.0 |   309
         IceCv |       0 |   13298 |   0.0 |       0 |      54 |   0.0 |   500
               +---------+---------+-------+---------+---------+-------+---------
